 Dungeon Crawl Stone Soup version 0.17-a0-1332-g9db7d08 (console) character file.

1709 Kramin the Grappler (level 9, -3/79 HPs)
             Began as a Ghoul Monk on June 10, 2015.
             Slain by Boomshaker's ghost (32 damage)
             ... on level 6 of the Dungeon.
             The game lasted 00:16:22 (4862 turns).

Kramin the Grappler (Ghoul Monk)                    Turns: 4862, Time: 00:16:22

Health: -3/79      AC: 10    Str: 15    XL:     9   Next: 3%
Magic:  8/8        EV:  4    Int:  8    God:
Gold:   356        SH:  0    Dex: 11    Spells: 0 memorised, 8 levels left

rFire  + + .     SeeInvis .       - Unarmed
rCold  . . .     Clarity  .     o - +2 fire dragon armour
rNeg   + + +     SustAt   .     (no shield)
rPois  ∞         Gourm    .     (no helmet)
rElec  .         Spirit   .     (no cloak)
rCorr  .         Warding  .     (no gloves)
rMut   .         Stasis   .     (no boots)
MR     .....                    (no amulet)
Stlth  ..........               (no ring)
                                (no ring)

@: rotting, not resistant to hostile enchantments, extremely unstealthy
A: rotting body, claws 1, carnivore 3, cold resistance 1, negative energy
resistance 3, slow healing 1, torment resistance, unbreathing
a: no special abilities


You were on level 6 of the Dungeon.
You were not hungry.

You visited 2 branches of the dungeon, and saw 7 of its levels.

You collected 356 gold pieces.

Inventory:

Armour
 o - a +2 fire dragon armour (worn)
Magical devices
 a - a wand of slowing (31)
 j - a wand of confusion (14)
 p - a wand of magic darts (23)
Scrolls
 e - a scroll of recharging {unknown}
 f - a scroll of blinking {unknown}
 g - 2 scrolls of amnesia {unknown}
 h - a scroll of fog {unknown}
 l - a scroll of teleportation {unknown}
Potions
 c - a potion of curing
 d - a potion of flight
 i - a potion of heal wounds
 m - a potion of berserk rage {unknown}
 q - a potion of invisibility {unknown}
Comestibles
 b - a beef jerky
 n - 2 meat rations


   Skills:
 + Level 7.6 Fighting
 - Level 2.6 Dodging
 - Level 2.1 Stealth
 * Level 11.0 Unarmed Combat


You had 8 spell levels left.
You didn't know any spells.

Dungeon Overview and Level Annotations

Branches:
Dungeon (6/15)             Temple (1/1) D:4

Altars:
Ashenzari
Dithmenos
Fedhas
Gozag
Kikubaaqudgha
Makhleb
Nemelex Xobeh
Qazlal
Sif Muna
Trog
Vehumet
Xom
Yredelemnul
The Shining One

Annotations:
D:6 Boomshaker's ghost, experienced OgHu


Innate Abilities, Weirdness & Mutations

Your body is rotting away.
You thrive on raw meat.
You are immune to poison.
You have sharp fingernails.
You are carnivorous and can eat meat at any time.
Your flesh is cold resistant.
You are immune to negative energy.
You heal slowly when monsters are visible.
You are immune to unholy pain and torment.
You can survive without breathing.


Message History

You claw the shadow imp!
You kill the shadow imp!
You scratch Boomshaker's ghost.
Boomshaker's ghost is lightly damaged.
Boomshaker's ghost hits you!!
You scratch Boomshaker's ghost.
Boomshaker's ghost is lightly damaged.
You scratch Boomshaker's ghost.
Boomshaker's ghost is lightly damaged.
Boomshaker's ghost hits you.
You barely miss Boomshaker's ghost.
Boomshaker's ghost is lightly damaged.
Boomshaker's ghost hits you!
You scratch Boomshaker's ghost.
Boomshaker's ghost is lightly damaged.
Boomshaker's ghost hits you!
* * * LOW HITPOINT WARNING * * *
There is a stone staircase leading up here.
Boomshaker's ghost hits you!!
You die...

## .... #
#... #
#... #..#
# #..# .#
#..##.##
#..#...###
#.@.......
##W#...###
#.# .##
#.# # #!#
..# ..#
..# ..##


You could see Boomshaker's ghost.

Vanquished Creatures
  Grinder (D:5)
  Sigmund (D:5)
  Edmund (D:5)
  3 ogres
  The ghost of anele the Firebug, an average GrFE (D:3)
  4 big kobolds (D:5)
  2 orc priests
  4 iguanas
  A centaur skeleton (D:4)
  An orc wizard (D:5)
  5 worker ants
  A hound zombie (D:5)
  A hound skeleton (D:4)
  5 adders
  5 gnolls (D:5)
  A shadow imp (D:6)
  An ooze (D:3)
  An adder zombie (D:5)
  2 worms (D:3)
  2 giant geckos
  16 orcs
  3 ball pythons
  15 bats
  5 giant cockroaches
  48 goblins
  27 hobgoblins
  6 jackals
  4 giant newts
  9 kobolds
  2 quokkas (D:3)
  2 quokka zombies
  9 rats
189 creatures vanquished.

Notes
Turn   | Place    | Note
--------------------------------------------------------------
     0 | D:1      | Kramin the Ghoul Monk began the quest for the Orb.
     0 | D:1      | Reached XP level 1. HP: 19/19 MP: 0/0
   271 | D:1      | Reached XP level 2. HP: 26/26 MP: 1/1
   745 | D:2      | Reached skill level 5 in Unarmed Combat
   798 | D:2      | Reached XP level 3. HP: 22/29 MP: 2/2
   857 | D:2      | Found a bloodstained altar of Trog.
   859 | D:2      | Found a blossoming altar of Fedhas.
   862 | D:2      | Found a shadowy altar of Dithmenos.
  1319 | D:3      | Reached skill level 6 in Unarmed Combat
  1319 | D:3      | Reached XP level 4. HP: 23/37 MP: 3/3
  1469 | D:3      | Found a basalt altar of Yredelemnul.
  1608 | D:3      | Reached XP level 5. HP: 40/45 MP: 4/4
  1688 | D:3      | Noticed anele's ghost (average GrFE)
  1703 | D:3      | Killed anele's ghost
  1703 | D:3      | Reached skill level 7 in Unarmed Combat
  1958 | D:4      | Reached XP level 6. HP: 51/51 MP: 5/5
  2068 | D:4      | Noticed an ogre
  2081 | D:4      | Killed an ogre
  2311 | D:4      | Reached skill level 5 in Fighting
  2311 | D:4      | Reached skill level 8 in Unarmed Combat
  2311 | D:4      | Reached XP level 7. HP: 56/61 MP: 6/6
  2471 | D:4      | Found a radiant altar of Vehumet.
  2493 | D:4      | Found a staircase to the Ecumenical Temple.
  2500 | Temple   | Entered the Ecumenical Temple
  2643 | D:5      | Entered Level 5 of the Dungeon
  3166 | D:5      | Noticed Grinder
  3181 | D:5      | Killed Grinder
  3181 | D:5      | Reached skill level 9 in Unarmed Combat
  3181 | D:5      | Reached XP level 8. HP: 67/70 MP: 7/7
  3523 | D:5      | Noticed Edmund
  3535 | D:5      | Killed Edmund
  3566 | D:5      | Noticed Sigmund
  3576 | D:5      | Killed Sigmund
  3576 | D:5      | Reached skill level 10 in Unarmed Combat
  4229 | D:5      | Reached XP level 9. HP: 71/79 MP: 8/8
  4521 | D:6      | Noticed Boomshaker's ghost (experienced OgHu)
  4534 | D:6      | Reached skill level 11 in Unarmed Combat
  4862 | D:6      | Slain by Boomshaker's ghost

Vault maps used:
D:1:      dpeg_arrival_castle
D:2:      nicolae_overflow_hidden_temple
D:3:      lemuel_crystal_altar, grunt_ministairs_3
D:4:      lemuel_doored_altar, minmay_temple_entry_enclosed_plants, first_bread,
          minmay_misc_feat_x
D:5:      minmay_goblin_kobold_castle, sigmund_edmund_badplayer, uniq_grinder
D:6:      kennysheep_mini, gammafunk_temple_overflow_wave, uniq_sigmund
Temple:   nicolae_temple_no_exploring_needed

Action                   |  1- 3 |  4- 6 |  7- 9 || total
-------------------------+-------+-------+-------++-------
Melee: Unarmed           |    92 |   155 |   324 ||   571
Evoke: Wand              |       |       |     5 ||     5
  Use: Scroll            |       |     7 |     2 ||     9
       Potion            |       |       |     3 ||     3
 Stab: Sleeping          |     3 |       |       ||     3
  Eat: Meat ration       |     2 |       |       ||     2
       Chunk             |     4 |     6 |     7 ||    17
